 Dungeon Crawl Stone Soup version 0.28-a0-1524-ge72afd5fc6 (webtiles) character file.

Game seed: 5018297622605928480

89 issech the Shooter (level 4, -5/25 HPs)
             Began as a Deep Elf Arcane Marksman on Jan 17, 2022.
             Slain by a worm (6 damage)
             ... on level 3 of the Dungeon on Jan 18, 2022.
             The game lasted 00:15:38 (2935 turns).

issech the Shooter (Deep Elf Arcane Marksman)       Turns: 2935, Time: 00:15:41

Health: -5/25      AC:  7    Str:  7    XL:     4   Next: 31%
Magic:  8/8        EV:  8    Int: 18    God:
Gold:   136        SH:  0    Dex: 17    Spells: 5/6 levels left

rFire   . . .      SeeInvis .   g - +2 short sword (elec)
rCold   . . .      Faith    .   (no shield)
rNeg    . . .      Spirit   .   j - +0 scale mail
rPois   .          Reflect  .   (no helmet)
rElec   .          Harm     .   (no cloak)
rCorr   .          Rampage  .   (no gloves)
Will    .....                   w - +0 pair of boots
Stlth   ..........              (no amulet)
HPRegen 0.08/turn               (no ring)
MPRegen 0.11/turn               (no ring)

@: no status effects
A: no striking features
a: no special abilities


You were on level 3 of the Dungeon.
You visited 1 branch of the dungeon, and saw 4 of its levels.

You collected 136 gold pieces.

Inventory:

Hand Weapons
 a - a +0 shortbow
 b - a +0 whip
 g - a +2 short sword of electrocution (weapon)
 h - a +0 dagger
 l - a +0 club
 o - a +0 hunting sling
 r - a +1 mace of protection
 t - a +0 dagger
 v - a +0 club
 B - a +0 club
 C - a +0 club
 D - a +0 arbalest
 E - a +0 spear
 G - a +0 war axe
 I - a +0 hunting sling
Missiles
 e - 2 large rocks
 i - 89 stones
 n - 39 sling bullets
 p - a poisoned dart (quivered)
 x - 5 atropa-tipped darts
Armour
 d - a +0 robe
 f - a +0 leather armour
 j - a +0 scale mail (worn)
 w - a +0 pair of boots (worn)
Wands
 H - a wand of flame (15)
Scrolls
 c - a scroll of enchant weapon {unknown}
 k - 2 scrolls of fear {unknown}
 m - 2 scrolls of silence {unknown}
 q - 2 scrolls of torment {unknown}
 s - a scroll of magic mapping {unknown}
 y - a scroll of identify {unknown}
 A - a scroll of blinking {unknown}
 F - a scroll of teleportation {unknown}
Potions
 u - a potion of might {unknown}
 z - a potion of heal wounds {unknown}


   Skills:
 + Level 1.3 Fighting
 + Level 4.8 Bows
 + Level 0.2 Armour
 + Level 2.7 Dodging
 + Level 1.6 Spellcasting
 + Level 4.7 Hexes


You had 5 spell levels left.
You knew the following spells:

 Your Spells              Type           Power      Damage    Failure   Level
a - Slow                  Hex            72%        N/A       34%         1

Your spell library contained the following spells:

 Spells                   Type           Power      Damage    Failure   Level
 Inner Flame              Hex/Fire       10%        N/A       95%         3
 Portal Projectile        Hex/Tloc       20%        N/A       95%         3
 Cause Fear               Hex            9%         N/A       98%         4


Dungeon Overview and Level Annotations

Branches:
Dungeon (4/15)
 Temple: D:4-7

Altars:

Annotations:
D:3 3 runed translucent doors, dave1331's ghost, amateur MiFi; sirJeffrey23's ghost, novice HuGl


Message History

The hound skeleton bites you but does no damage.
Unknown command.
The jackal barely misses you. The jackal closely misses you.
The jackal bites you but does no damage.
The jackal barely misses you. The jackal barely misses you. x2
The jackal closely misses you. The jackal bites you.
The ogre hits you with a +0 giant spiked club.
* * * LOW HITPOINT WARNING * * *
The jackal barely misses you.
The jackal bites you but does no damage. x2
There is a stone staircase leading up here.
The jackal barely misses you.
The jackal bites you but does no damage. x2
The scorpion barely misses you.
You climb upwards.
Level annotation: 3 runed translucent doors, dave1331's ghost, amateur MiFi; sirJeffrey23's ghost, novice HuGl The worm closely misses you.
There is a stone staircase leading down here.
You see here 5 arrows.
You hit the jackal. Lightning courses through the jackal!
You kill the jackal!
The jackal closely misses you.
The dart slug briefly extends its eye-stalks.
The jackal bites you but does no damage. x2
The worm completely misses you.
You hit the jackal.
The jackal is almost dead.
The jackal bites you but does no damage. x2
The jackal bites you.
* * * LOW HITPOINT WARNING * * *
You barely miss the jackal.
The jackal is almost dead.
The jackal bites you but does no damage.
The jackal bites you.
* * * LOW HITPOINT WARNING * * *
The jackal bites you but does no damage.
The worm bites you.
You die...

....W#.......
.....+...#...
.....+...#...
?....+..###.. .$...#..#
##. 8....#..# #..
#!P⌠P#### #.. .
################..
....###@h...............
#(.wshw################
#.(.#### # #.. ... .#


You could see a worm, a scorpion, a dart slug and 2 jackals.

Vanquished Creatures
  3 adders
  A worm (D:2)
  3 dart slugs (D:1)
  9 endoplasms
  3 giant cockroaches
  4 goblins
  6 hobgoblins
  A jackal (D:3)
  A quokka (D:1)
  7 ball pythons
  4 bats (D:1)
  2 frilled lizards (D:2)
  3 kobolds
  4 rats
51 creatures vanquished.

Vanquished Creatures (others)
  5 plants (D:3)
  3 withered plants (D:3)
8 creatures vanquished.

Grand Total: 59 creatures vanquished

Notes
Turn   | Place    | Note
-------+----------+-------------------------------------------
     0 | D:1      | issech the Deep Elf Arcane Marksman began the quest for the
                  | Orb.
     0 | D:1      | Reached XP level 1. HP: 11/11 MP: 5/5
   261 | D:1      | Reached XP level 2. HP: 16/16 MP: 6/6
   996 | D:1      | Reached XP level 3. HP: 20/20 MP: 7/7
  1140 | D:1      | Reached skill level 1 in Fighting
  2407 | D:3      | Found a runed translucent gate.
  2407 | D:3      | Found a runed translucent gate.
  2407 | D:3      | Found a runed translucent gate.
  2409 | D:3      | Noticed dave1331's ghost (amateur MiFi)
  2409 | D:3      | Noticed sirJeffrey23's ghost (novice HuGl)
  2531 | D:3      | Found a faded altar of an unknown god.
  2646 | D:3      | Reached XP level 4. HP: 15/25 MP: 8/8
  2915 | D:4      | Noticed an ogre
  2918 | D:4      | Noticed a scorpion
  2935 | D:3      | HP: 1/25 [jackal (2)]
  2935 | D:3      | Slain by a worm

Illustrated notes

Levels and vault maps discovered:
D:1:      wander_arrival_estate, layout_basic, minmay_misc_feat_more_columns
D:2:      layout_basic
D:3:      layout_rooms, led_sif_pool, gammafunk_ghost_cemetery,
          shapermc_ecumenical_altar_mp_ritualfount, minmay_surrounded
D:4:      layout_rooms, nicolae_tso_carved_into_rock

Skill      XL: |  1  2  3 |
---------------+----------+-----
Bows           | 3 4 |  4.8
Fighting       | 1 |  1.3
Armour         | |  0.2
Dodging        | |  2.7
Spellcasting   | |  1.6
Hexes          | |  4.7

Action                   |  1- 3 |  4- 6 || total
-------------------------+-------+-------++-------
Melee: Short sword       |       |    16 ||    16
 Fire: Shortbow          |   138 |       ||   138
Throw: Dart              |       |     5 ||     5
Armor: Scale mail        |    25 |    36 ||    61
       Leather armour    |     5 |       ||     5
Dodge: Dodged            |    36 |    29 ||    65

Table legend: (Time is in decaauts)
 A = Elapsed time spent in this place.
 B = Non-inter-level travel time spent in this place.
 C = Inter-level travel time spent in this place.
 D = Time resting spent in this place.
 E = Time spent auto-exploring this place.
 F = Levels seen in this place.
 G = Mean time per level.
                   A        B        C        D        E       F      G
               +--------+--------+--------+--------+--------+-----+--------+
         Total |   2953 |   2953 |      0 |    400 |    994 |   4 |  738.2 |
       Dungeon |   2953 |   2953 |      0 |    400 |    994 |   4 |  738.2 |
               +--------+--------+--------+--------+--------+-----+--------+

Top non-repeatable levels by time:
     D:1: 1309 daAuts
     D:2: 1001 daAuts
     D:3: 364 daAuts
     D:4: 278 daAuts
